| TOP OF THE 1ST |
|
Pawtucket Paw Sox batting - Pitching for Waterbury Rough Riders : RHP Bill Sattler
|
|
Pitching: RHP Bill Sattler
|
|
|
Batting: LHB Jeff Stone
|
0-0: Ball 1-0: Called Strike 1-1: Called Strike 1-2: Ball 2-2: Strikes out looking
|
|
Batting: RHB Shooty Babitt
|
0-0: Ball 1-0: Foul Ball, location: 2F 1-1: Foul Ball, location: 2F 1-2: Ground out 6-3 (Groundball, 6M, EV 100.0 MPH)
|
|
Batting: SHB Phil Ouellette
|
0-0: Ground out 1-3 (Groundball, 34S, EV 65.6 MPH)
|
| Top of the 1st over - 0 runs, 0 hits, 0 errors, 0 left on base; Pawtucket 0 - Waterbury 0 |
| BOTTOM OF THE 1ST |
|
Waterbury Rough Riders batting - Pitching for Pawtucket Paw Sox : RHP Billy Taylor
|
|
Pitching: RHP Billy Taylor
|
|
|
Batting: RHB David Corman
|
0-0: Called Strike 0-1: Ball 1-1: Foul Ball, location: 2F 1-2: Strikes out swinging
|
|
Batting: RHB Daniel Purpura
|
0-0: Foul Ball, location: 2F 0-1: Swinging Strike 0-2: Strikes out swinging
|
|
Batting: RHB Billy Beane
|
0-0: Ball 1-0: Called Strike 1-1: Called Strike 1-2: Ball 2-2: Ball 3-2: Strikes out looking
|
| Bottom of the 1st over - 0 runs, 0 hits, 0 errors, 0 left on base; Pawtucket 0 - Waterbury 0 |
| TOP OF THE 2ND |
|
Pawtucket Paw Sox batting - Pitching for Waterbury Rough Riders : RHP Bill Sattler
|
|
Batting: SHB Orestes Destrade
|
0-0: SINGLE (Flyball, 6D, EV 94.4 MPH)
|
|
Batting: RHB Brick Smith
|
0-0: Ball 1-0: Ball 2-0: Fly out, F2 (Popup, 5SF, EV 79.4 MPH)
|
|
Batting: LHB Steven Garcia
|
0-0: Ball 1-0: Ball 2-0: Ball 3-0: Base on Balls Orestes Destrade to second
|
|
Batting: LHB David Wiggins
|
0-0: Ball 1-0: Grounds into double play, 5-4-3 (Groundball, 56, EV 103.8 MPH)
|
| Top of the 2nd over - 0 runs, 1 hit, 0 errors, 1 left on base; Pawtucket 0 - Waterbury 0 |
| BOTTOM OF THE 2ND |
|
Waterbury Rough Riders batting - Pitching for Pawtucket Paw Sox : RHP Billy Taylor
|
|
Batting: RHB john W Russell
|
0-0: Called Strike 0-1: Called Strike 0-2: Ball 1-2: SINGLE (Groundball, 6D, EV 96.3 MPH)
|
|
Batting: RHB Junior Ortiz
|
0-0: Ball 1-0: Called Strike 1-1: Grounds into double play, 5-4-3 (Groundball, 56, EV 88.1 MPH)
|
|
Batting: RHB Gary Skow
|
0-0: Ball 1-0: Ball 2-0: Called Strike 2-1: Ball 3-1: Foul Ball, location: 2F 3-2: Ground out 6-3 (Groundball, 6, EV 103.8 MPH)
|
| Bottom of the 2nd over - 0 runs, 1 hit, 0 errors, 0 left on base; Pawtucket 0 - Waterbury 0 |
| TOP OF THE 3RD |
|
Pawtucket Paw Sox batting - Pitching for Waterbury Rough Riders : RHP Bill Sattler
|
|
Batting: RHB Robert Duran
|
0-0: Called Strike 0-1: Ball 1-1: Swinging Strike 1-2: Strikes out swinging
|
|
Batting: RHB Lenny Faedo
|
0-0: Ball 1-0: Fly out, F4 (Popup, 13, EV 80.6 MPH)
|
|
Batting: LHB Jeff Stone
|
0-0: Called Strike 0-1: Ball 1-1: Foul Ball, location: 2F 1-2: Foul Ball, location: 2F 1-2: Ball 2-2: Foul Ball, location: 2F 2-2: Strikes out swinging
|
| Top of the 3rd over - 0 runs, 0 hits, 0 errors, 0 left on base; Pawtucket 0 - Waterbury 0 |
| BOTTOM OF THE 3RD |
|
Waterbury Rough Riders batting - Pitching for Pawtucket Paw Sox : RHP Billy Taylor
|
|
Batting: LHB David Blume
|
0-0: Called Strike 0-1: Ball 1-1: Swinging Strike 1-2: Ball 2-2: Foul Ball, location: 2F 2-2: Fly out, F2 (Popup, 25F, EV 87.5 MPH)
|
|
Batting: RHB Jose Quiroz
|
0-0: Swinging Strike 0-1: Called Strike 0-2: Ball 1-2: Ball 2-2: Strikes out swinging
|
|
Batting: RHB Joseph Pocoroba
|
0-0: Foul Ball, location: 2F 0-1: Ball 1-1: Foul Ball, location: 2F 1-2: Ball 2-2: Ball 3-2: Base on Balls
|
|
Batting: RHB David Corman
|
0-0: Ball 1-0: Ball 2-0: Foul Ball, location: 2F 2-1: Fielders Choice at 2nd, 6-4 (Groundball, 6, EV 93.1 MPH)
|
| Bottom of the 3rd over - 0 runs, 0 hits, 0 errors, 1 left on base; Pawtucket 0 - Waterbury 0 |
| TOP OF THE 4TH |
|
Pawtucket Paw Sox batting - Pitching for Waterbury Rough Riders : RHP Bill Sattler
|
|
Batting: RHB Shooty Babitt
|
0-0: Fly out, F6 (Flyball, 56D, EV 90.0 MPH)
|
|
Batting: SHB Phil Ouellette
|
0-0: Ball 1-0: Called Strike 1-1: Ball 2-1: Fly out, F8 (Line Drive, 8RD, EV 106.9 MPH)
|
|
Now in LF: Wilson Tucker
|
|
|
Batting: SHB Orestes Destrade
|
0-0: Called Strike 0-1: SINGLE (Line Drive, 9S, EV 102.5 MPH)
|
|
Batting: RHB Brick Smith
|
0-0: Ball 1-0: Ball 2-0: Foul Ball, location: 2F 2-1: Ball 3-1: Called Strike 3-2: Base on Balls Orestes Destrade to second
|
|
Batting: LHB Steven Garcia
|
0-0: Foul Ball, location: 2F 0-1: Ball 1-1: Ball 2-1: Swinging Strike 2-2: SINGLE (Line Drive, 89S, EV 95.6 MPH) Orestes Destrade to third Brick Smith to second Runner from 3rd tries for Home, SAFE, throw by RF to home
|
|
Batting: LHB David Wiggins
|
0-0: Foul Ball, location: 2F 0-1: Ball 1-1: Ground out 4-3 (Groundball, 4, EV 81.9 MPH)
|
| Top of the 4th over - 1 run, 2 hits, 0 errors, 2 left on base; Pawtucket 1 - Waterbury 0 |
| BOTTOM OF THE 4TH |
|
Waterbury Rough Riders batting - Pitching for Pawtucket Paw Sox : RHP Billy Taylor
|
|
Batting: RHB Daniel Purpura
|
0-0: Ball 1-0: Ball 2-0: Ball 3-0: Base on Balls
|
|
Batting: LHB Wilson Tucker
|
0-0: Ball 1-0: Swinging Strike 1-1: Ball 2-1: Ball 3-1: Foul Ball, location: 2F 3-2: Grounds into double play, 5-4-3 (Groundball, 56, EV 78.1 MPH)
|
|
Batting: RHB john W Russell
|
0-0: Ball 1-0: Ground out 2-3 (Groundball, 15S, EV 73.8 MPH)
|
| Bottom of the 4th over - 0 runs, 0 hits, 0 errors, 0 left on base; Pawtucket 1 - Waterbury 0 |
| TOP OF THE 5TH |
|
Pawtucket Paw Sox batting - Pitching for Waterbury Rough Riders : RHP Bill Sattler
|
|
Batting: RHB Robert Duran
|
0-0: Called Strike 0-1: Foul Ball, location: 2F 0-2: Ball 1-2: Ball 2-2: Ball 3-2: Foul Ball, location: 2F 3-2: Strikes out swinging
|
|
Batting: RHB Lenny Faedo
|
0-0: Bunted foul 0-1: SINGLE (Line Drive, 8RS, EV 108.8 MPH)
|
|
Batting: LHB Jeff Stone
|
0-0: Fielders Choice at 2nd, 4-6 (Groundball, 4M, EV 91.9 MPH)
|
|
Batting: RHB Shooty Babitt
|
0-0: Called Strike Jeff Stone steals 2nd base (no throw) 0-1: Called Strike 0-2: Foul Ball, location: 2F 0-2: Fly out, F4 (Line Drive, 4, EV 61.3 MPH)
|
| Top of the 5th over - 0 runs, 1 hit, 0 errors, 1 left on base; Pawtucket 1 - Waterbury 0 |
| BOTTOM OF THE 5TH |
|
Waterbury Rough Riders batting - Pitching for Pawtucket Paw Sox : RHP Billy Taylor
|
|
Batting: RHB Junior Ortiz
|
0-0: Ball 1-0: Foul Ball, location: 2F 1-1: Foul Ball, location: 2F 1-2: Fly out, F5 (Line Drive, 5, EV 63.8 MPH)
|
|
Batting: RHB Gary Skow
|
0-0: Swinging Strike 0-1: Foul Ball, location: 2F 0-2: Foul Ball, location: 2F 0-2: Ball 1-2: Fly out, F6 (Popup, 6MD, EV 46.3 MPH)
|
|
Batting: LHB David Blume
|
0-0: Ball 1-0: SINGLE (Flyball, 4D, EV 83.8 MPH)
|
|
Batting: RHB Jose Quiroz
|
0-0: Called Strike 0-1: Swinging Strike 0-2: Ball 1-2: Reached on error, E5 (Groundball, 56, EV 103.8 MPH) David Blume to second
|
|
Batting: RHB Joseph Pocoroba
|
0-0: Swinging Strike 0-1: Foul Ball, location: 2F 0-2: Ball 1-2: Foul Ball, location: 2F 1-2: Ground out 4-3 (Groundball, 4, EV 86.9 MPH)
|
| Bottom of the 5th over - 0 runs, 1 hit, 1 error, 2 left on base; Pawtucket 1 - Waterbury 0 |
| TOP OF THE 6TH |
|
Pawtucket Paw Sox batting - Pitching for Waterbury Rough Riders : RHP Bill Sattler
|
|
Batting: SHB Phil Ouellette
|
0-0: Ball 1-0: Swinging Strike 1-1: Foul Ball, location: 2F 1-2: Foul Ball, location: 2F 1-2: Strikes out looking
|
|
Batting: SHB Orestes Destrade
|
0-0: Ball 1-0: SINGLE (Groundball, 6MD, EV 103.8 MPH)
|
|
Batting: RHB Brick Smith
|
0-0: Ball 1-0: Ball 2-0: Ball 3-0: Called Strike 3-1: Base on Balls Orestes Destrade to second
|
|
Batting: LHB Steven Garcia
|
0-0: Foul Ball, location: 2F 0-1: Foul Ball, location: 2F 0-2: Ball 1-2: Fielders Choice at 2nd, 6-4 (Groundball, 6, EV 83.8 MPH) Orestes Destrade to third
|
|
Batting: LHB David Wiggins
|
0-0: Ball 1-0: Called Strike 1-1: Ball 2-1: Foul Ball, location: 2F 2-2: Foul Ball, location: 2F 2-2: Ball 3-2: Fly out, F9 (Flyball, 89M, EV 86.9 MPH)
|
| Top of the 6th over - 0 runs, 1 hit, 0 errors, 2 left on base; Pawtucket 1 - Waterbury 0 |
| BOTTOM OF THE 6TH |
|
Waterbury Rough Riders batting - Pitching for Pawtucket Paw Sox : RHP Billy Taylor
|
|
Batting: RHB David Corman
|
0-0: TRIPLE (Flyball, 89XD, EV 109.4 MPH)
|
|
Batting: RHB Daniel Purpura
|
0-0: Ground out 6-3 (Groundball, 56S, EV 74.4 MPH)
|
|
Batting: LHB Wilson Tucker
|
0-0: Foul Ball, location: 2F 0-1: SINGLE (Groundball, 3L, EV 96.9 MPH) David Corman scores
|
|
Batting: RHB john W Russell
|
0-0: Called Strike 0-1: Ball 1-1: Ball 2-1: Ground out 3-1 (Groundball, 34S, EV 92.5 MPH) Wilson Tucker to second
|
|
Batting: RHB Junior Ortiz
|
0-0: Ball 1-0: Ball 2-0: Foul Ball, location: 2F 2-1: Foul Ball, location: 2F 2-2: Foul Ball, location: 2F 2-2: Ground out 5-3 (Groundball, 25, EV 82.5 MPH)
|
| Bottom of the 6th over - 1 run, 2 hits, 0 errors, 1 left on base; Pawtucket 1 - Waterbury 1 |
| TOP OF THE 7TH |
|
Pawtucket Paw Sox batting - Pitching for Waterbury Rough Riders : RHP Bill Sattler
|
|
Batting: RHB Robert Duran
|
0-0: Ball 1-0: Ball 2-0: Fly out, F9 (Flyball, 89D, EV 100.0 MPH)
|
|
Batting: RHB Lenny Faedo
|
0-0: Ball 1-0: Ball 2-0: Called Strike 2-1: Foul Ball, location: 2F 2-2: Ground out 6-3 (Groundball, 56, EV 83.8 MPH)
|
|
Batting: LHB Jeff Stone
|
0-0: Ball 1-0: Foul Ball, location: 2F 1-1: Foul Ball, location: 2F 1-2: Fly out, F7 (Line Drive, 7, EV 90.0 MPH)
|
| Top of the 7th over - 0 runs, 0 hits, 0 errors, 0 left on base; Pawtucket 1 - Waterbury 1 |
| BOTTOM OF THE 7TH |
|
Waterbury Rough Riders batting - Pitching for Pawtucket Paw Sox : RHP Billy Taylor
|
|
Batting: RHB Gary Skow
|
0-0: Called Strike 0-1: Ball 1-1: Ball 2-1: Ball 3-1: Base on Balls
|
|
Batting: LHB David Blume
|
0-0: Foul Ball, location: 2F 0-1: Ball 1-1: Called Strike 1-2: Strikes out looking
|
|
Batting: RHB Jose Quiroz
|
0-0: Ball 1-0: Swinging Strike 1-1: Ball 2-1: Called Strike 2-2: Foul Ball, location: 2F 2-2: Ball 3-2: Base on Balls Gary Skow to second
|
|
Batting: RHB Joseph Pocoroba
|
0-0: SINGLE (Line Drive, 89M, EV 107.5 MPH) Gary Skow to third Jose Quiroz to second Runner from 3rd tries for Home, SAFE, throw by RF to home
|
|
Batting: RHB David Corman
|
0-0: Foul Ball, location: 2F 0-1: Ball 1-1: DOUBLE (Line Drive, 89D, EV 110.0 MPH) Jose Quiroz scores Joseph Pocoroba to third Runner from 3rd tries for Home, SAFE, throw by RF to trailing runner, SAFE at third!
|
|
Batting: RHB Daniel Purpura
|
0-0: Ball 1-0: Ball 2-0: Called Strike 2-1: Foul Ball, location: 2F 2-2: Ground out 4-3 (Groundball, 4, EV 107.5 MPH)
|
|
Pitching: RHP Sam Bryan
|
|
|
Batting: LHB Wilson Tucker
|
0-0: SINGLE (Line Drive, 4MD, EV 95.0 MPH) David Corman scores
|
|
Batting: RHB john W Russell
|
0-0: Called Strike 0-1: Fly out, F9 (Flyball, 89S, EV 84.4 MPH)
|
| Bottom of the 7th over - 4 runs, 3 hits, 0 errors, 1 left on base; Pawtucket 1 - Waterbury 5 |
| TOP OF THE 8TH |
|
Pawtucket Paw Sox batting - Pitching for Waterbury Rough Riders : RHP Bill Sattler
|
|
Batting: RHB Shooty Babitt
|
0-0: Foul Ball, location: 2F 0-1: Ball 1-1: Ball 2-1: Ground out U3 (Groundball, 34, EV 79.4 MPH)
|
|
Batting: SHB Phil Ouellette
|
0-0: Ball 1-0: Ball 2-0: Called Strike 2-1: Ball 3-1: Called Strike 3-2: Base on Balls
|
|
Batting: SHB Orestes Destrade
|
0-0: Ball 1-0: Fly out, F8 (Line Drive, 8RD, EV 93.8 MPH)
|
|
Batting: RHB Brick Smith
|
0-0: Called Strike 0-1: Ball 1-1: Ground out 5-3 (Groundball, 5S, EV 68.1 MPH)
|
| Top of the 8th over - 0 runs, 0 hits, 0 errors, 1 left on base; Pawtucket 1 - Waterbury 5 |
| BOTTOM OF THE 8TH |
|
Waterbury Rough Riders batting - Pitching for Pawtucket Paw Sox : RHP Sam Bryan
|
|
Batting: RHB Junior Ortiz
|
0-0: Called Strike 0-1: Ball 1-1: Fly out, F4 (Flyball, 3D, EV 76.9 MPH)
|
|
Batting: RHB Gary Skow
|
0-0: Called Strike 0-1: Called Strike 0-2: Strikes out looking
|
|
Batting: LHB David Blume
|
0-0: Ball 1-0: Called Strike 1-1: Ball 2-1: Foul Ball, location: 2F 2-2: Foul Ball, location: 2F 2-2: Foul Ball, location: 2F 2-2: Ball 3-2: Fly out, F8 (Line Drive, 8LD, EV 95.0 MPH)
|
| Bottom of the 8th over - 0 runs, 0 hits, 0 errors, 0 left on base; Pawtucket 1 - Waterbury 5 |
| TOP OF THE 9TH |
|
Pawtucket Paw Sox batting - Pitching for Waterbury Rough Riders : RHP Bill Sattler
|
|
Batting: LHB Steven Garcia
|
0-0: Ball 1-0: Ground out 6-3 (Groundball, 6, EV 85.0 MPH)
|
|
Batting: LHB David Wiggins
|
0-0: Ball 1-0: Foul Ball, location: 2F 1-1: Ball 2-1: Ball 3-1: SINGLE (Groundball, P, EV 88.1 MPH) (infield hit)
|
|
Batting: RHB Robert Duran
|
0-0: Foul Ball, location: 2F 0-1: Foul Ball, location: 2F 0-2: Ball 1-2: Foul Ball, location: 2F 1-2: Ball 2-2: Foul Ball, location: 2F 2-2: Fly out, F6 (Line Drive, 6, EV 63.1 MPH)
|
|
Batting: RHB Lenny Faedo
|
0-0: Foul Ball, location: 2F 0-1: Fielders Choice at 2nd, U4 (Groundball, 4M, EV 87.5 MPH)
|
| Top of the 9th over - 0 runs, 1 hit, 0 errors, 1 left on base; Pawtucket 1 - Waterbury 5 |
|